AoeStats
← [NICE_ASS] BigMasi

Nomad

505829410Analyzed
3v3 RM · 21d ago on Sep 11, 2026· 61m 15s· 6 players
Game mode
Random Map
Map size
210×210
Population
200
Speed
Normal
Resources
Standard
Victory
Conquest
Starting age
Dark Age
Ending age
Imperial Age
RankedLock teamsTeams togetherTeam positionsShared explorationLock speedFull tech treeHidden civsTurbo modeCheats
Victory
Defeat
🇨🇭 Mongols · Switzerland
1291
+12
🇩🇪 Bengalis · Germany
1262
+13
🇩🇪 Byzantines · Germany
1146
+19
🇺🇸 Ethiopians · United States
1210
-15
🇹🇼 Britons · Taiwan
1203
-15
🇳🇿 Magyars · New Zealand
1193
-14
ScrotasticNutz
5:39 Loom
14:57 Feudal Age
18:58 Castle Age
19:40 Crossbowman
35:49 Wheelbarrow
39:29 Imperial Age
43:04 Arbalester
51:12 Halberdier
55:45 Hand Cart
55:47 Padded Archer Armor
55:37 Fletching
56:00 Forging
55:59 Scale Barding Armor
56:29 Squires
Lancer
6:17 Loom
13:09 Feudal Age
14:02 Double-Bit Axe
16:13 Gold Mining
19:32 Wheelbarrow
22:14 Castle Age
20:06 Fletching
22:34 Padded Archer Armor
22:51 Town Watch
22:59 Horse Collar
23:31 Bow Saw
22:51 Crossbowman
23:56 Stone Mining
24:46 Elite Skirmisher
27:27 Bodkin Arrow
29:58 Man-at-Arms
35:55 Imperial Age
38:17 Two-Man Saw
37:21 Heavy Plow
41:44 Bracer
42:42 Town Patrol
43:29 Gold Shaft Mining
45:20 Masonry
49:10 Murder Holes
49:37 Ballistics
50:09 Conscription
51:07 Guard Tower
52:22 Chemistry
52:05 Hand Cart
54:48 Leather Archer Armor
56:04 Architecture
61:18 Ring Archer Armor
FinRahZel
3:21 Loom
13:39 Feudal Age
18:27 Castle Age
17:08 Town Watch
chessolymp
12:22 Loom
15:33 Feudal Age
16:22 Double-Bit Axe
16:36 Fishing Lines
19:12 Castle Age
20:13 Gillnets
21:21 Fletching
23:00 Medium Warships
31:42 Imperial Age
29:31 Town Watch
31:23 Bodkin Arrow
31:36 Gold Mining
32:00 Bow Saw
33:37 Bloodlines
33:35 Scale Barding Armor
34:31 Bracer
37:46 Padded Archer Armor
40:29 Conscription
42:20 Leather Archer Armor
42:27 Forging
43:19 Stone Mining
47:27 Ring Archer Armor
51:15 Gold Shaft Mining
51:13 Horse Collar
52:21 Paiks
55:19 Ballistics
55:10 Masonry
55:56 Treadmill Crane
57:07 Coinage
56:41 Heavy Plow
57:00 Elite Elephant Archer
61:59 Wheelbarrow
D.EvilsToy
3:39 Loom
13:20 Feudal Age
17:29 Castle Age
16:27 Fletching
16:34 Double-Bit Axe
17:04 Horse Collar
19:09 Bow Saw
51:04 Heavy Plow
52:50 Husbandry
55:40 Wheelbarrow
54:30 Light Cavalry
55:30 Gold Mining
57:30 Scale Barding Armor
58:11 Forging
61:24 Imperial Age
60:51 Chain Barding Armor
61:39 Iron Casting
[NICE_ASS] BigMasi
5:24 Loom
13:01 Feudal Age
13:38 Double-Bit Axe
17:02 Fishing Lines
19:47 Castle Age
18:49 Fishing Lines
19:29 Fletching
20:13 Padded Archer Armor
20:48 Bodkin Arrow
23:59 Husbandry
26:12 Bloodlines
26:02 Husbandry
34:36 Bow Saw
37:02 Husbandry
43:09 Leather Archer Armor
44:37 Ballistics
45:57 Herbal Medicine
50:15 Wheelbarrow
51:53 Gillnets
56:53 Imperial Age
55:39 Thumb Ring
55:26 Elite Skirmisher
56:33 Hand Cart
57:42 Bracer
61:01 Chemistry
Connection lost

Rejoining the realm…

Still unreachable

The connection could not be restored.

Session expired

The server has moved on; the page needs a fresh start.